[Event "Titled Tuesday Blitz December 27 Late 2022"]
[White "Kozin, Yuri"]
[Black "Rose, Felix"]
[WhiteFideId "4129920"]
[BlackFideId "5105722"]
[WhiteElo "2251"]
[BlackElo "2091"]
[Result "1/2-1/2"]
[Round "01"]
[TimeControl "180+2"]
[Date "2022.12.27"]
[WhiteClock "0:00:14"]
[BlackClock "0:00:55"]

1. e4 c5 2. Nf3 e6 3. d4 cxd4 4. Nxd4 a6 5. Nc3 b5 6. a3 Bb7 7. f4 Nc6 8. Be3 Qb6 9. Qd3 Bc5 10. O-O-O Nxd4 11. Bxd4 Bxd4 12. Qxd4 Qxd4 13. Rxd4 Nf6 14. Be2 d5 15. e5 Nd7 16. Bf3 Ke7 17. g4 f6 18. exf6+ gxf6 19. Re1 Kd6 20. g5 f5 21. Na2 h6 22. h4 hxg5 23. hxg5 Rh3 24. Bg2 Rg3 25. Bh1 Rh8 26. Nb4 Nc5 27. Rdd1 Rh4 28. Rf1 Rgg4 29. Rd4 Rxg5 30. fxg5 Rxd4 31. Rg1 Ke7 32. Bf3 Kf7 33. Rh1 Kg7 34. Bh5 a5 35. Na2 b4 36. axb4 axb4 37. Be8 Rg4 38. g6 b3 39. Nc3 bxc2 40. Kxc2 Rg2+ 41. Kb1 d4 42. Nb5 Be4+ 43. Ka1 Nb3+ 44. Ka2 Bd5 45. Ka3 Rxg6 46. Rh3 Rg1 47. Rxb3 Ra1+ 48. Kb4 Bxb3 49. Kxb3 Kf6 50. Nxd4 e5 51. Nc2 Ra8 52. Bc6 Rb8+ 53. Kc4 f4 54. b4 Kf5 55. b5 e4 56. Nd4+ Ke5 57. Nb3 f3 58. Nd2 f2 59. Bxe4 f1=Q+ 60. Nxf1 Kxe4 61. Nd2+ Ke5 62. Kc5 Rc8+ 63. Kb6 Kd5 64. Nb3 Rb8+ 65. Ka6 Kc4 66. Na5+ Kc5 67. Nb7+ Kb4 68. Ka7 Rxb7+ 69. Kxb7 Kxb5 1/2-1/2


[Site "https://www.chess.com"]

[Event "Titled Tuesday Blitz December 27 Late 2022"]
[White "Kravtsiv, Martyn"]
[Black "Tomaszewski, Kacper"]
[WhiteFideId "14113147"]
[BlackFideId "1127373"]
[WhiteElo "2598"]
[BlackElo "2313"]
[Result "1-0"]
[Round "01"]
[TimeControl "180+2"]
[Date "2022.12.27"]
[WhiteClock "0:00:57"]
[BlackClock "0:00:04"]

1. e4 c5 2. Nf3 e6 3. d4 cxd4 4. Nxd4 Bc5 5. Nb3 Bb6 6. Bd3 Ne7 7. O-O O-O 8. Nc3 f5 9. Kh1 Nbc6 10. f4 fxe4 11. Nxe4 d5 12. Ng5 h6 13. Nf3 Nf5 14. Qe2 Qe8 15. g4 Nfd4 16. Nbxd4 Nxd4 17. Nxd4 Bxd4 18. c3 Bb6 19. Bd2 Bd7 20. Rae1 d4 21. h3 Bc6+ 22. Kh2 e5 23. Qxe5 Qxe5 24. fxe5 Rxf1 25. Rxf1 Re8 26. e6 Bd5 27. Bg6 Bc7+ 28. Kg1 Re7 29. Bf7+ Kh7 30. cxd4 Bxe6 31. Bxe6 Rxe6 32. Re1 Rc6 33. Bc3 Bb6 34. Kg2 Kg6 35. d5 Rd6 36. Re6+ Rxe6 37. dxe6 Bc5 38. Kf3 h5 39. Ke4 hxg4 40. hxg4 Kg5 41. Bxg7 Kxg4 42. Bf6 1-0


[Site "https://www.chess.com"]

[Event "Titled Tuesday Blitz December 27 Late 2022"]
[White "Kretchetov, Alexandre"]
[Black "Oparin, Grigoriy"]
[WhiteFideId "4124588"]
[BlackFideId "24125890"]
[WhiteElo "2195"]
[BlackElo "2667"]
[Result "1-0"]
[Round "01"]
[TimeControl "180+2"]
[Date "2022.12.27"]
[WhiteClock "0:00:08"]
[BlackClock "0:00:02"]

1. d4 d5 2. c4 e6 3. Nc3 Nf6 4. cxd5 exd5 5. Bg5 c6 6. e3 h6 7. Bh4 Be7 8. Qc2 O-O 9. Bd3 Re8 10. Nge2 a5 11. O-O Na6 12. a3 Nc7 13. f3 Ne6 14. Bf2 b5 15. h3 Bd7 16. e4 dxe4 17. fxe4 Rc8 18. e5 Nd5 19. Nxd5 cxd5 20. Qd2 Bg5 21. Be3 Rf8 22. Rac1 Bxe3+ 23. Qxe3 Qg5 24. Qxg5 hxg5 25. Bf5 b4 26. axb4 axb4 27. Kf2 Bb5 28. Rcd1 Rc6 29. Rfe1 Ra8 30. Ra1 Rac8 31. Ke3 Kf8 32. Rac1 Bxe2 33. Rxc6 Rxc6 34. Bxe6 Bc4 35. Bf5 Ra6 36. Bd3 Ra2 37. Rb1 Ke7 38. Kd2 f6 39. exf6+ gxf6 40. Kc2 Ra8 41. Re1+ Kd6 42. Bf5 Ra6 43. Re6+ Kc7 44. Re7+ Kd8 45. Rb7 b3+ 46. Kc3 Ra1 47. Kb4 Rg1 48. g4 Rg2 49. Kc5 Ke8 50. Kd6 Kf8 51. Ke6 Rxb2 52. Kxf6 Ke8 53. Rb8# 1-0


[Site "https://www.chess.com"]

[Event "Titled Tuesday Blitz December 27 Late 2022"]
[White "Kujawski, Adam"]
[Black "Bjelobrk, Igor"]
[WhiteFideId "1100920"]
[BlackFideId "4300726"]
[WhiteElo "2173"]
[BlackElo "2403"]
[Result "0-1"]
[Round "01"]
[TimeControl "180+2"]
[Date "2022.12.27"]
[WhiteClock "0:00:04"]
[BlackClock "0:00:09"]

1. e4 e5 2. Nf3 Nc6 3. Bb5 a6 4. Ba4 Bc5 5. c3 Nge7 6. d4 exd4 7. cxd4 Bb4+ 8. Nc3 d5 9. e5 Bg4 10. a3 Bxc3+ 11. bxc3 f6 12. exf6 gxf6 13. h3 Bh5 14. Rb1 b5 15. Bc2 Qd7 16. a4 Na5 17. axb5 axb5 18. O-O Nc4 19. Re1 O-O 20. g4 Bg6 21. Nh4 Bxc2 22. Qxc2 Rfe8 23. Qd3 c6 24. Bf4 Kh8 25. Re2 Ng8 26. Rbe1 Rxe2 27. Qxe2 Qf7 28. Nf5 Rc8 29. Qe6 Qxe6 30. Rxe6 Nb6 31. Ne7 Nxe7 32. Rxe7 Na4 33. Bh6 Nxc3 34. Bg7+ Kg8 35. Bxf6 b4 36. Rg7+ Kf8 37. Rxh7 Re8 38. Rb7 Re1+ 39. Kg2 Rb1 40. g5 Ne4 41. Bg7+ Kg8 42. g6 Rb2 43. Be5 Rxf2+ 44. Kg1 Rf5 45. Rb8+ Rf8 46. Rxb4 Rf5 47. Rb8+ Rf8 48. Rb7 Re8 49. Rg7+ Kf8 50. Rh7 Re6 51. Rh8+ Ke7 52. Rh7+ Ke8 53. g7 Rg6+ 54. Kf1 Kf7 55. h4 Nf6 56. Bxf6 Kxf6 57. h5 Rxg7 58. Rxg7 Kxg7 59. Ke2 Kh6 60. Kd2 Kxh5 61. Kc3 Kg5 62. Kb4 Kf4 63. Kc5 Ke4 0-1


[Site "https://www.chess.com"]

[Event "Titled Tuesday Blitz December 27 Late 2022"]
[White "Kuzmicz, Krystian"]
[Black "Antonios, Johnny"]
[WhiteFideId "1119125"]
[BlackFideId "5300843"]
[WhiteElo "2466"]
[BlackElo "2269"]
[Result "1-0"]
[Round "01"]
[TimeControl "180+2"]
[Date "2022.12.27"]
[WhiteClock "0:00:29"]
[BlackClock "0:00:38"]

1. e4 e5 2. Bc4 Nf6 3. Qf3 g6 4. Nc3 Bg7 5. d3 O-O 6. Nge2 c6 7. Bb3 d6 8. h3 Nbd7 9. g4 Nc5 10. Ng3 a5 11. a4 Nxb3 12. cxb3 Nd7 13. Be3 Nc5 14. Rd1 Nxb3 15. Rg1 Nd4 16. Bxd4 exd4 17. Nce2 d5 18. Kf1 dxe4 19. dxe4 c5 20. Nf4 Qd6 21. Nd5 b6 22. Nf5 gxf5 23. gxf5 Kh8 24. f6 Bh6 25. Qh5 Ba6+ 26. Kg2 Rg8+ 27. Kh1 Bf4 28. Qxf7 Be2 29. Rg7 Bf3+ 30. Kg1 Bxe4 31. Ne7 Rgf8 32. Rxh7+ Bxh7 33. Qg7# 1-0


[Site "https://www.chess.com"]

[Event "Titled Tuesday Blitz December 27 Late 2022"]
[White "Ladan, Nicholas"]
[Black "Rasulov, Vugar"]
[WhiteFideId "30918855"]
[BlackFideId "13402390"]
[WhiteElo "2228"]
[BlackElo "2523"]
[Result "0-1"]
[Round "01"]
[TimeControl "180+2"]
[Date "2022.12.27"]
[WhiteClock "0:00:27"]
[BlackClock "0:01:17"]

1. d4 Nf6 2. c4 e6 3. g3 c5 4. d5 exd5 5. cxd5 b5 6. e4 Nxe4 7. Bg2 Nf6 8. d6 Qb6 9. Qe2+ Kd8 10. Bxa8 Bxd6 11. Be3 Re8 12. Nd2 Nc6 13. Bxc6 Qxc6 14. Ngf3 Bb7 15. O-O-O Nd5 16. Rhe1 Kc8 17. Kb1 Bc7 18. Nb3 Nb4 19. Nfd2 Qg6+ 20. Ka1 Nc2+ 21. Kb1 Nd4+ 22. Ka1 Nxe2 23. Rxe2 d6 24. Ree1 a5 25. Nb1 a4 26. Nc1 b4 27. Nd2 a3 28. Nc4 d5 29. Nd2 Qc2 0-1


[Site "https://www.chess.com"]

[Event "Titled Tuesday Blitz December 27 Late 2022"]
[White "Leenhouts, Koen"]
[Black "Orzech, Dominik"]
[WhiteFideId "1008439"]
[BlackFideId "1115065"]
[WhiteElo "2447"]
[BlackElo "2308"]
[Result "0-1"]
[Round "01"]
[TimeControl "180+2"]
[Date "2022.12.27"]
[WhiteClock "0:00:05"]
[BlackClock "0:00:07"]

1. c4 Nf6 2. Nc3 c6 3. g3 d5 4. Bg2 dxc4 5. Nf3 g6 6. O-O Bg7 7. a4 Nd5 8. a5 O-O 9. Qa4 b5 10. axb6 Nxb6 11. Qa5 N8d7 12. Rd1 Bb7 13. d4 Nd5 14. e4 Qxa5 15. Rxa5 Nb4 16. Bf1 Nb6 17. Nd2 Nd3 18. Bxd3 cxd3 19. Nf3 Nc4 20. Rc5 d2 21. Rxc4 dxc1=Q 22. Rxc1 Rfd8 23. Na4 Ba6 24. Rb4 Bb5 25. Nc5 a5 26. Rxb5 cxb5 27. e5 Rac8 28. b3 Rd5 29. Ra1 Ra8 30. Ne4 Rd7 31. Nc5 Rc7 32. Kf1 f6 33. e6 f5 34. b4 Rca7 35. bxa5 Rxa5 36. Rb1 Ra1 37. Rxa1 Rxa1+ 38. Ke2 Ra2+ 39. Ke1 b4 40. Nb3 Rb2 41. Nfd2 Bh6 42. f4 Bg7 43. Ke2 Rc2 44. Kd3 Rc3+ 45. Ke2 Kf8 46. d5 Ke8 47. Na5 Bf6 48. Nab3 Kd8 49. Na5 Kc7 50. Nc6 Rxc6 51. dxc6 Kxc6 52. Kd3 Kd5 53. Nf3 Kxe6 54. Kc4 Bc3 55. Ng5+ Kd6 56. Nxh7 e5 57. fxe5+ Kxe5 58. Ng5 Kf6 59. Nf3 g5 60. h4 g4 61. Ng5 Be1 62. Nh7+ Kg6 63. Ng5 Bxg3 64. Kxb4 Bxh4 65. Ne6 Be7+ 66. Kc4 Bd6 67. Kd5 Bb8 68. Nf8+ Kg5 69. Nd7 f4 70. Nc5 g3 71. Ne4+ Kg4 72. Nf6+ Kf3 73. Nh7 g2 74. Ng5+ Kf2 75. Ke4 Ke1 76. Nh3 Kf1 77. Kf3 g1=Q 78. Nxg1 Kxg1 79. Kg4 Kg2 80. Kf5 f3 81. Ke4 f2 0-1


[Site "https://www.chess.com"]

[Event "Titled Tuesday Blitz December 27 Late 2022"]
[White "Lenderman, Aleksandr"]
[Black "Urbina Perez, Juan Antonio"]
[WhiteFideId "2021285"]
[BlackFideId "2217368"]
[WhiteElo "2572"]
[BlackElo "2266"]
[Result "1-0"]
[Round "01"]
[TimeControl "180+2"]
[Date "2022.12.27"]
[WhiteClock "0:00:34"]
[BlackClock "0:00:08"]

1. Nf3 d5 2. e3 Nf6 3. c4 c6 4. Nc3 e6 5. b3 Bd6 6. Bb2 O-O 7. d4 Qe7 8. Bd3 Nbd7 9. Qc2 Ba3 10. O-O Bxb2 11. Qxb2 e5 12. Be2 exd4 13. Nxd4 Nb6 14. cxd5 Nbxd5 15. Nxd5 Nxd5 16. Bf3 Nf6 17. h3 Be6 18. Rfd1 Rfd8 19. Rd2 Rd7 20. Rad1 Rad8 21. Bxc6 Rd6 22. Bf3 a6 23. Nxe6 Rxd2 24. Rxd2 fxe6 25. Rxd8+ Qxd8 26. Bxb7 Qd1+ 27. Kh2 Qd6+ 28. g3 h5 29. Bf3 h4 30. Kg2 hxg3 31. fxg3 Qc5 32. Qd2 Nd5 33. Bxd5 exd5 34. g4 Qc6 35. Qd4 Qc2+ 36. Kg3 Qc7+ 37. Qf4 Qc5 38. Qe5 Qa5 39. Kh4 Kh7 40. Qh5+ Kg8 41. Qe8+ Kh7 42. Qe5 Kg8 43. Kh5 Kh7 44. Qf5+ Kg8 45. Qe6+ Kh7 46. g5 Qd8 47. g6+ Kh8 48. Kg4 a5 49. Qf5 a4 50. Qh5+ Kg8 51. Qh7+ Kf8 52. Qh8+ 1-0


[Site "https://www.chess.com"]

[Event "Titled Tuesday Blitz December 27 Late 2022"]
[White "Liu, Kelsey"]
[Black "Denishev, Marat"]
[WhiteFideId "30944481"]
[BlackFideId "24131563"]
[WhiteElo "2065"]
[BlackElo "2255"]
[Result "0-1"]
[Round "01"]
[TimeControl "180+2"]
[Date "2022.12.27"]
[WhiteClock "0:00:08"]
[BlackClock "0:00:06"]

1. e4 c5 2. Nf3 d6 3. Nc3 Nf6 4. e5 dxe5 5. Nxe5 Nbd7 6. d4 Nxe5 7. dxe5 Qxd1+ 8. Kxd1 Ng4 9. Bb5+ Bd7 10. e6 Bxb5 11. Nxb5 Nxf2+ 12. Ke2 Nxh1 13. Nc7+ Kd8 14. Nxa8 fxe6 15. Bf4 g5 16. Be5 Rg8 17. Nc7 Kd7 18. Rd1+ Kc6 19. Nxe6 Bh6 20. c4 g4 21. Rxh1 Rg6 22. Nf4 Rg5 23. Nd3 b5 24. b3 bxc4 25. bxc4 Rg6 26. Rb1 Bg5 27. Rb5 Re6 28. Rxc5+ Kb6 29. Rb5+ Kc6 30. Kd1 Be3 31. Nb4+ Kd7 32. Rb7+ Ke8 33. Bg3 Bc5 34. Nd5 Re4 35. Nc7+ Kf7 36. Nb5 a6 37. Nc3 Rxc4 38. Kd2 h5 39. Be5 Bg1 40. Kd3 Rc6 41. Ne4 Rc1 42. Bg3 Ra1 43. Rb2 a5 44. Rc2 a4 45. h3 Bb6 46. Re2 a3 47. hxg4 hxg4 48. Kc3 Rb1 49. Rc2 Ba5+ 50. Kc4 Rb4+ 51. Kd3 Bb6 52. Ng5+ Kg6 53. Ne4 Rd4+ 54. Kc3 Rxe4 55. Kb3 Re3+ 56. Rc3 Re2 57. Kxa3 Rxg2 58. Kb3 Bd4 59. Rd3 e5 60. a4 Kf5 61. a5 Ke4 62. Kc4 Rc2+ 63. Kb3 Kxd3 64. a6 Rc7 65. a7 Rxa7 0-1


[Site "https://www.chess.com"]

[Event "Titled Tuesday Blitz December 27 Late 2022"]
[White "Makarian, Rudik"]
[Black "Przybylski, Wojciech"]
[WhiteFideId "44105681"]
[BlackFideId "1117599"]
[WhiteElo "2545"]
[BlackElo "2321"]
[Result "1-0"]
[Round "01"]
[TimeControl "180+2"]
[Date "2022.12.27"]
[WhiteClock "0:00:26"]
[BlackClock "0:01:13"]

1. Nf3 Nf6 2. c4 e6 3. g3 b6 4. Bg2 Bb7 5. O-O Be7 6. d4 O-O 7. Re1 d6 8. Nc3 Nbd7 9. e4 e5 10. h3 Re8 11. d5 Nf8 12. Be3 h6 13. b4 N6h7 14. Rb1 Bc8 15. Nd2 f5 16. exf5 Bxf5 17. Nde4 Bg5 18. Qd2 Ng6 19. Nxg5 Nxg5 20. Bxg5 Qxg5 21. Qxg5 hxg5 22. Be4 Ne7 23. Kg2 Kf7 24. Bxf5 Nxf5 25. Ne4 Kg6 26. c5 dxc5 27. bxc5 Rad8 28. Rec1 Rxd5 29. cxb6 cxb6 30. Rc6+ Kh7 31. Nxg5+ Kg8 32. Rc7 e4 33. Rb4 e3 34. Re4 Rxe4 35. Rc8+ 1-0


[Site "https://www.chess.com"]

[Event "Titled Tuesday Blitz December 27 Late 2022"]
[White "Manea, Alexandru"]
[Black "Arnold, Ken"]
[WhiteFideId "1207660"]
[BlackFideId "2056836"]
[WhiteElo "2319"]
[BlackElo "2355"]
[Result "0-1"]
[Round "01"]
[TimeControl "180+2"]
[Date "2022.12.27"]
[WhiteClock "0:02:10"]
[BlackClock "0:01:25"]

1. g3 c5 2. b3 Nf6 3. Bb2 e6 4. d3 Nc6 5. Nd2 Be7 6. e4 d5 7. exd5 exd5 8. Ngf3 O-O 9. Bg2 h6 10. O-O Be6 11. h3 Qd7 12. Kh2 Rad8 13. Re1 d4 14. Ne4 Nxe4 15. dxe4 f6 16. Qd2 Bd6 17. Rad1 Qc7 18. Nh4 Rfe8 19. f4 g5 20. Qf2 gxh4 21. Rf1 hxg3+ 22. Qxg3+ Qg7 23. Qh4 Qg5 24. Qf2 Qg7 25. Qh4 Ne7 26. Bc1 Ng6 27. Qh5 Bf7 28. Qe2 f5 29. e5 Nxe5 30. fxe5 Rxe5 31. Qf3 Re3+ 32. Kh1 Rxf3 33. Bxf3 Kh8 34. Rg1 Qe5 35. Rg2 Rg8 36. Rdg1 Rxg2 37. Rxg2 Bd5 38. Bxd5 Qxd5 39. Bxh6 Qf3 0-1


[Site "https://www.chess.com"]

[Event "Titled Tuesday Blitz December 27 Late 2022"]
[White "Marcolino, Daniel Mattos"]
[Black "Gurevich, Dmitry"]
[WhiteFideId "2106841"]
[BlackFideId "2000407"]
[WhiteElo "2006"]
[BlackElo "2393"]
[Result "0-1"]
[Round "01"]
[TimeControl "180+2"]
[Date "2022.12.27"]
[WhiteClock "0:00:24"]
[BlackClock "0:00:20"]

1. d4 Nf6 2. Nf3 e6 3. g3 b5 4. Bg2 Bb7 5. O-O Na6 6. Qd3 b4 7. c3 Be7 8. Bf4 O-O 9. Nbd2 c5 10. a3 bxc3 11. bxc3 Qc8 12. Nc4 Be4 13. Qd2 cxd4 14. Nd6 Bxd6 15. Bxd6 dxc3 16. Qe3 Re8 17. Rfc1 c2 18. Nd4 Bxg2 19. Kxg2 e5 20. Nf3 Qc6 21. Bb4 d5 22. Qd2 Rac8 23. Ra2 Ne4 24. Qxc2 Qxc2 25. Raxc2 Rxc2 26. Rxc2 Nxb4 27. axb4 f6 28. Rc7 Rb8 29. Rxa7 Rxb4 30. Ra2 d4 31. Ne1 Nc3 32. Rc2 Kf7 33. Nd3 Rb3 34. f3 Nxe2 35. Rxe2 Rxd3 36. Kf2 h5 37. Ra2 Kg6 38. h4 Kf5 39. Ra7 Rd2+ 40. Ke1 Rd3 41. Ke2 Re3+ 42. Kf2 g6 43. Ra4 Rb3 44. Ra2 g5 45. hxg5 fxg5 46. Ra8 Rb2+ 47. Ke1 g4 48. fxg4+ hxg4 49. Rf8+ Ke4 50. Rg8 Ke3 0-1


[Site "https://www.chess.com"]

[Event "Titled Tuesday Blitz December 27 Late 2022"]
[White "Mardov, Dimitar"]
[Black "Yeritsyan, Hayk"]
[WhiteFideId "30919495"]
[BlackFideId "13307320"]
[WhiteElo "2456"]
[BlackElo "2241"]
[Result "1/2-1/2"]
[Round "01"]
[TimeControl "180+2"]
[Date "2022.12.27"]
[WhiteClock "0:00:01"]
[BlackClock "0:00:08"]

1. e4 c6 2. d4 d6 3. Nc3 d5 4. Nf3 dxe4 5. Nxe4 Nd7 6. Qe2 Ndf6 7. Bg5 Bg4 8. Nxf6+ Nxf6 9. Bxf6 gxf6 10. O-O-O Qd5 11. Kb1 O-O-O 12. Qe3 Bxf3 13. gxf3 h5 14. Bd3 e6 15. Be4 Qd7 16. c3 f5 17. Bc2 Qd5 18. f4 Bh6 19. Rhg1 Rhg8 20. Rg3 Rg4 21. Rxg4 fxg4 22. Qe5 Qxe5 23. fxe5 c5 24. Rd3 Bf4 25. h3 cxd4 26. cxd4 gxh3 27. Rxh3 Rxd4 28. Rxh5 Rd2 29. f3 Re2 30. Be4 Kd7 31. a3 b6 32. b4 Be3 33. Rh7 Ke8 34. Rh8+ Ke7 35. Ra8 Bd4 36. Rxa7+ Kf8 37. Ra8+ Kg7 38. Kc1 Bxe5 39. a4 Rb2 40. a5 Rxb4 41. a6 Ra4 42. Kc2 b5 43. Kb3 Kf6 44. Bc6 Ra5 45. Kb4 Ra1 46. Kxb5 Rb1+ 47. Kc5 Rc1+ 48. Kb6 Bd4+ 49. Kb7 Rb1+ 50. Kc8 Ra1 51. Bb7 Ke5 52. Kd7 f5 53. Re8 Rd1 54. Rxe6+ Kf4 55. Rd6 Ke5 56. Rd5+ Kf6 57. a7 Ra1 58. Rxd4 Rxa7 59. Kc6 Ke5 60. Rh4 Ra3 61. Kc5 Rc3+ 62. Rc4 Rb3 63. f4+ Kf6 64. Bd5 Rd3 65. Ra4 Rd1 66. Ra6+ Kg7 67. Re6 Re1 68. Rxe1 Kf6 69. Re5 Kg6 70. Rxf5 Kxf5 1/2-1/2


[Site "https://www.chess.com"]

[Event "Titled Tuesday Blitz December 27 Late 2022"]
[White "Marin Masis, Jose Esteban"]
[Black "Goncalves, Davi Sulzbacher"]
[WhiteFideId "6508146"]
[BlackFideId "2154510"]
[WhiteElo "1938"]
[BlackElo "2282"]
[Result "0-1"]
[Round "01"]
[TimeControl "180+2"]
[Date "2022.12.27"]
[WhiteClock "0:00:16"]
[BlackClock "0:00:21"]

1. e4 c5 2. Nf3 Nc6 3. d4 cxd4 4. Nxd4 Nf6 5. Nc3 e5 6. Ndb5 d6 7. Bg5 a6 8. Na3 b5 9. Nd5 Be7 10. Nxe7 Nxe7 11. Bxf6 gxf6 12. c4 Bb7 13. Bd3 bxc4 14. Nxc4 d5 15. exd5 Qxd5 16. Ne3 Qa5+ 17. Qd2 Qxd2+ 18. Kxd2 Rd8 19. Ke2 Ng6 20. Bxg6 hxg6 21. h4 f5 22. Rhd1 Rxh4 23. Rxd8+ Kxd8 24. Rd1+ Rd4 25. Rc1 f4 26. Nc2 Rc4 27. f3 Ke7 28. Kd3 Rc7 29. Re1 Kd6 30. Na3 Bd5 31. b3 f5 32. Re2 e4+ 33. fxe4 Bxe4+ 34. Kd4 f3 35. gxf3 Bxf3 36. Rd2 Ke6 37. Ke3 Be4 38. Nc4 g5 39. Rd6+ Ke7 40. Rxa6 Bd5 41. Ne5 f4+ 42. Kd4 Be6 43. Nc6+ Kf6 44. Nb4 Kf5 45. Ra5+ Kg4 46. Re5 Bf5 47. Nd5 Rc6 48. b4 Rd6 49. Kc5 Rxd5+ 50. Kxd5 f3 51. Re1 Bd3 52. Kd4 f2 53. Rd1 f1=Q 54. Rxf1 Bxf1 55. a4 Kf3 56. b5 g4 57. Kc5 g3 58. b6 g2 59. b7 g1=Q+ 60. Kc6 Qg3 61. b8=Q Qxb8 0-1


[Site "https://www.chess.com"]

[Event "Titled Tuesday Blitz December 27 Late 2022"]
[White "Marjanovic, Annamaria"]
[Black "Kovacevic, Radmila"]
[WhiteFideId "750930"]
[BlackFideId "933171"]
[WhiteElo "2273"]
[BlackElo "2106"]
[Result "1-0"]
[Round "01"]
[TimeControl "180+2"]
[Date "2022.12.27"]
[WhiteClock "0:00:40"]
[BlackClock "0:00:03"]

1. c4 e5 2. g3 Nc6 3. Bg2 Bc5 4. Nc3 a6 5. e3 Ba7 6. Nge2 h5 7. h4 d6 8. d4 Bg4 9. d5 Nce7 10. Qb3 Rb8 11. Bd2 Nh6 12. O-O-O b5 13. cxb5 axb5 14. f3 Bd7 15. Bh3 f5 16. e4 Nf7 17. f4 b4 18. Nb1 O-O 19. fxe5 Nxe5 20. exf5 c5 21. Bg5 c4 22. Qc2 Nd3+ 23. Rxd3 cxd3 24. Qxd3 Qc8+ 25. Kd1 Bxf5 26. Bxf5 Nxf5 27. Nd2 Qc5 28. Ne4 Qa5 29. Nf6+ Rxf6 30. Bxf6 Ne3+ 31. Kd2 b3+ 32. Bc3 Qxd5 33. Qxd5+ Nxd5 34. axb3 Be3+ 35. Kd3 Rxb3 36. Ra1 Bc5 37. Ra8+ Kh7 38. Nd4 Nxc3 39. bxc3 Bxd4 40. Kxd4 Rb2 41. Ra5 Rd2+ 42. Ke3 Rc2 43. Rxh5+ Kg6 44. Rg5+ Kf6 45. Kd4 Rd2+ 46. Kc4 Rf2 47. Rd5 Rf3 48. Rd3 Rf5 49. Rxd6+ Ke7 50. Rd5 Rf3 51. Rg5 Kf6 52. Kd4 g6 53. c4 Rf1 54. c5 Rd1+ 55. Kc4 Rc1+ 56. Kd5 Rd1+ 57. Kc6 Rc1 58. Kd6 Rd1+ 59. Rd5 Rg1 60. c6 Rxg3 61. c7 Rc3 62. Rc5 Rd3+ 63. Kc6 1-0


[Site "https://www.chess.com"]

[Event "Titled Tuesday Blitz December 27 Late 2022"]
[White "Martinez Alcantara, Jose Eduardo"]
[Black "Yurasova, Daria"]
[WhiteFideId "3805662"]
[BlackFideId "34146919"]
[WhiteElo "2619"]
[BlackElo "2095"]
[Result "1-0"]
[Round "01"]
[TimeControl "180+2"]
[Date "2022.12.27"]
[WhiteClock "0:01:21"]
[BlackClock "0:00:25"]

1. e4 e5 2. Nf3 Nc6 3. Bb5 a6 4. Ba4 Nf6 5. d3 b5 6. Bb3 Bc5 7. c3 d6 8. h3 h6 9. Nbd2 Bb7 10. Nf1 Bb6 11. Ng3 Ne7 12. O-O O-O 13. Re1 Ng6 14. Be3 Bxe3 15. fxe3 d5 16. exd5 Bxd5 17. e4 Bxb3 18. axb3 Qd7 19. Qd2 Rfd8 20. d4 Qe6 21. d5 Qb6+ 22. Kh2 c6 23. c4 cxd5 24. cxd5 Rac8 25. Nf5 Qc5 26. Rxa6 Qc2 27. Nxh6+ gxh6 28. Rxf6 Qxd2 29. Nxd2 Rc2 30. Nf3 Rxb2 31. Ra1 Rc8 32. Rc6 Re8 33. Rd1 Nf4 34. Rd2 Rxb3 35. d6 Kf8 36. Nxe5 Ra3 37. d7 Rd8 38. Rf6 1-0


[Site "https://www.chess.com"]

[Event "Titled Tuesday Blitz December 27 Late 2022"]
[White "Martinez Ramirez, Lennis"]
[Black "Ankerst, Mihael"]
[WhiteFideId "3509079"]
[BlackFideId "14602369"]
[WhiteElo "2426"]
[BlackElo "2370"]
[Result "1-0"]
[Round "01"]
[TimeControl "180+2"]
[Date "2022.12.27"]
[WhiteClock "0:02:19"]
[BlackClock "0:02:08"]

1. c4 e5 2. Nc3 Nf6 3. g3 c6 4. d4 exd4 5. Qxd4 d5 6. Bg2 Be6 7. cxd5 cxd5 8. Nf3 Nc6 9. Qa4 d4 10. Nb5 Bb4+ 11. Bd2 Bxd2+ 12. Nxd2 a6 13. Nxd4 Bd7 14. Nxc6 Qb6 15. Nc4 Qc5 16. Qb4 1-0


[Site "https://www.chess.com"]

[Event "Titled Tuesday Blitz December 27 Late 2022"]
[White "Martinez Reyes, Pedro Ramon"]
[Black "Hernandez Bonilla, Amelia"]
[WhiteFideId "3901807"]
[BlackFideId "3900193"]
[WhiteElo "2376"]
[BlackElo "1960"]
[Result "1-0"]
[Round "01"]
[TimeControl "180+2"]
[Date "2022.12.27"]
[WhiteClock "0:00:44"]
[BlackClock "0:00:12"]

1. d4 Nf6 2. Bf4 e6 3. Nf3 d5 4. Nbd2 Bd6 5. Bg3 O-O 6. e3 c5 7. c3 Qc7 8. Ne5 Nbd7 9. f4 b6 10. Bd3 Bb7 11. Qf3 c4 12. Bc2 b5 13. Bh4 b4 14. Qh3 Ne4 15. Nxe4 dxe4 16. O-O bxc3 17. bxc3 f5 18. Rab1 Nb6 19. g4 Rab8 20. Be1 Nd5 21. Bd2 Bxe5 22. fxe5 g6 23. gxf5 exf5 24. a4 Bc6 25. Qg2 Rxb1 26. Rxb1 Rb8 27. Qf1 Rxb1 28. Qxb1 Qb7 29. Qa2 Qa6 30. Qa3 Be8 31. Qc5 Nb6 32. Qe7 Bf7 33. e6 1-0


[Site "https://www.chess.com"]

[Event "Titled Tuesday Blitz December 27 Late 2022"]
[White "Moreno Perez, Tobias Sebastian"]
[Black "Moradiabadi, Elshan"]
[WhiteFideId "186716"]
[BlackFideId "12501255"]
[WhiteElo "2256"]
[BlackElo "2507"]
[Result "0-1"]
[Round "01"]
[TimeControl "180+2"]
[Date "2022.12.27"]
[WhiteClock "0:00:03"]
[BlackClock "0:01:08"]

1. Nf3 Nf6 2. d4 g6 3. Bf4 Bg7 4. e3 c5 5. Nbd2 cxd4 6. exd4 O-O 7. h3 d6 8. c3 Nc6 9. Be2 Nd5 10. Bh2 e5 11. O-O exd4 12. Nb3 Re8 13. Nbxd4 Ne5 14. Nb5 Be6 15. c4 Nb6 16. Nxd6 Nexc4 17. Nxe8 Qxe8 18. Bxc4 Nxc4 19. Qe2 Nxb2 20. Rab1 Bc4 21. Qxe8+ Rxe8 22. Rfe1 Rd8 23. a3 b5 24. Be5 Nd3 25. Red1 Bf8 26. Ne1 Rd5 27. Bb2 Nf4 28. Rxd5 Bxd5 29. Nc2 Be4 30. Be5 Bxc2 31. Rb2 Nd3 32. Rxc2 Nxe5 33. Ra2 Nc4 34. a4 b4 35. Rc2 Na5 0-1


[Site "https://www.chess.com"]

[Event "Titled Tuesday Blitz December 27 Late 2022"]
[White "Moskvin, Anatoly"]
[Black "Lutz, Igor Oscar"]
[WhiteFideId "24199990"]
[BlackFideId "2110806"]
[WhiteElo "2189"]
[BlackElo "1969"]
[Result "1-0"]
[Round "01"]
[TimeControl "180+2"]
[Date "2022.12.27"]
[WhiteClock "0:01:15"]
[BlackClock "0:00:03"]

1. e4 c5 2. Nf3 e6 3. b4 cxb4 4. d4 d6 5. Bd3 Nc6 6. a3 Nf6 7. O-O Be7 8. Qe2 O-O 9. e5 dxe5 10. dxe5 Nd5 11. Qe4 g6 12. h4 Nc3 13. Nxc3 bxc3 14. h5 Qd5 15. Qf4 f6 16. hxg6 hxg6 17. Qh6 f5 18. Qxg6+ Kh8 19. Bh6 Rg8 20. Qh5 Rg7 21. Bxg7+ Kxg7 22. Rfe1 Bd7 23. Ng5 Bxg5 24. Qxg5+ Kf7 25. Qf6+ Ke8 26. Re3 Ne7 27. Rh3 Kd8 28. Rh7 Rc8 29. Rd1 Qc5 30. Bb5 Kc7 31. Rxd7+ Kb6 32. Qxe6+ Nc6 33. Rxb7+ Ka5 34. Bxc6 Rxc6 35. Rxa7+ Kb5 36. Rhb7+ Rb6 37. a4+ Kb4 38. Qb3# 1-0


[Site "https://www.chess.com"]

[Event "Titled Tuesday Blitz December 27 Late 2022"]
[White "Movahed, Sina"]
[Black "marik_spb"]
[WhiteFideId "42520835"]
[WhiteElo "2340"]
[BlackElo "2448"]
[Result "1-0"]
[Round "01"]
[TimeControl "180+2"]
[Date "2022.12.27"]
[WhiteClock "0:01:17"]
[BlackClock "0:00:03"]

1. Nf3 Nf6 2. g3 g6 3. Bg2 Bg7 4. O-O O-O 5. c4 d5 6. cxd5 Nxd5 7. Nc3 c6 8. d4 Nd7 9. e4 Nxc3 10. bxc3 e5 11. Qb3 exd4 12. cxd4 c5 13. Bb2 cxd4 14. Rad1 Nc5 15. Qa3 b6 16. Nxd4 Qe7 17. Nc6 Qc7 18. Bxg7 Kxg7 19. Qc3+ Kg8 20. Qf6 Re8 21. e5 Bb7 22. Rd6 Ne6 23. Rfd1 Nc5 24. h4 Rac8 25. h5 Re6 26. Rxe6 Nxe6 27. Ne7+ Kf8 28. Bxb7 Qxb7 29. Nxc8 Ke8 1-0


[Site "https://www.chess.com"]